 Dungeon Crawl Stone Soup version 0.27-a0-404-g4390dbc5be (webtiles) character file.

Game seed: 7690258238175940933

198664 Chiseanne the Eclecticist (level 17, -3/122 HPs)
             Began as a Demonspawn Wanderer on Feb 19, 2021.
             Was the Champion of Vehumet.
             Killed by the air
             ... invoked by a wind drake
              (22 damage)
             ... on level 3 of the Shoals on Feb 22, 2021.
             The game lasted 02:45:09 (37309 turns).

Chiseanne the Eclecticist (Demonspawn Wanderer)    Turns: 37309, Time: 02:45:10

Health: -3/122     AC: 17    Str: 15    XL:     17   Next: 82%
Magic:  7/38       EV: 15    Int: 44    God:    Vehumet [******]
Gold:   66         SH: 21    Dex: 19    Spells: 2/50 levels left

rFire    . . .     SeeInvis .   p - +8 scimitar "Vaffiwkaal" {vamp, *Slow Str+4 Int+7 Dex+3}
rCold    . . .     Faith    .   F - +3 kite shield {reflect}
rNeg     . . .     Spirit   .   X - +1 robe "Temeama" {rElec rC- Slay+5}
rPois    .         Reflect  +   (helmet unavailable)
rElec    +         Harm     .   M - +2 cloak of Insecurity {rC+ Dex+4}
rCorr    .         Rampage  .   U - +2 pair of gloves of Shielding {Int+2}
Will     .....                  f - +1 pair of boots {Stlth+}
Stlth    +.........             o - amulet of reflection
HPRegen  0.30/turn              Z - +4 ring of protection
MPRegen  0.26/turn              c - +6 ring of intelligence

@: lethally poisoned (-3 -> -4), weak-willed, glowing
A: horns 3, powered by death 2, big brain 3, demonic magic 1
}: 1/15 runes: serpentine
a: Renounce Religion


You were on level 3 of the Shoals.
You worshipped Vehumet.
Vehumet was exalted by your worship.
You visited 6 branches of the dungeon, and saw 32 of its levels.
You also visited: Bailey and Gauntlet.

You collected 3057 gold pieces.
You spent 2991 gold pieces at shops.

Inventory:

Hand Weapons
 a - the +10 whip "Keasch" {venom, Str-2 Int+6 SInv Stlth+}
   (You found it on level 7 of the Dungeon)

   It poisons the flesh of those it strikes.
   It affects your strength (-2).
   It affects your intelligence (+6).
   It lets you see invisible.
   It makes you more stealthy.
 p - the +8 scimitar "Vaffiwkaal" (weapon) {vamp, *Slow Str+4 Int+7 Dex+3}
   (You found it on level 1 of the Lair of Beasts)

   It inflicts no extra harm, but heals its wielder when it wounds a living foe.
   It affects your strength (+4).
   It affects your intelligence (+7).
   It affects your dexterity (+3).
   It may slow you when you take damage.
 s - a +8 scimitar of flaming
 t - the +9 rapier of Ysiytz {vorpal, *Noise rPois rN+ Str+5}
   (You found it on level 1 of the Lair of Beasts)

   It inflicts extra damage upon your enemies.
   It affects your strength (+5).
   It protects you from poison.
   It protects you from negative energy.
   It may make noises in combat.
 w - a +2 dagger of venom
Missiles
 e - 24 boomerangs
 h - 5 boomerangs of dispersal
 q - 6 curare-tipped darts
 v - 7 javelins (quivered)
 y - 8 throwing nets {!*}
 G - 18 silver javelins
Armour
 b - the +3 scale mail of Yguhy {rF++}
   (You bought it in a shop on level 10 of the Dungeon)

   It greatly protects you from fire.
 f - a +1 pair of boots of stealth (worn)
 F - a +3 kite shield of reflection (worn)
 M - the +2 cloak of Insecurity (worn) {rC+ Dex+4}
   (You found it in a Gauntlet)

   It affects your dexterity (+4).
   It protects you from cold.
 U - the +2 pair of gloves of Shielding (worn) {Int+2}
   (You bought it in a shop on level 13 of the Dungeon)

   It affects your intelligence (+2).
 X - the +1 robe "Temeama" (worn) {rElec rC- Slay+5}
   (You bought it in a shop on level 8 of the Dungeon)

   It affects your accuracy and damage with ranged weapons and melee attacks
   (+5).
   It makes you vulnerable to cold.
   It insulates you from electricity.
Magical Staves
 D - a staff of earth
Jewellery
 c - a +6 ring of intelligence (right hand)
 o - an amulet of reflection (around neck)
 E - a ring of flight
 H - an amulet of regeneration
 Z - a +4 ring of protection (left hand)
Wands
 r - a wand of iceblast (12)
 O - a wand of flame (99)
 V - a wand of acid (4)
Scrolls
 n - 7 scrolls of teleportation
 J - 14 scrolls of identify
 P - 3 scrolls of blinking
 Q - 4 scrolls of immolation
 R - 2 scrolls of magic mapping
Potions
 g - 2 potions of might
 i - 2 potions of cancellation
 k - 2 potions of heal wounds
 l - 2 potions of invisibility
 m - a potion of resistance
 u - 6 potions of curing
 A - a potion of brilliance
 B - 3 potions of berserk rage
 I - 5 potions of haste
 S - 7 potions of flight
 W - 2 potions of ambrosia
Miscellaneous
 j - a lightning rod (inert)
 N - a phantom mirror
 T - a condenser vane


   Skills:
 - Level 8.0 Fighting
 - Level 1.0 Axes
 - Level 3.1 Throwing
 - Level 10.0 Armour
 - Level 4.6 Dodging
 - Level 1.0 Stealth
 - Level 12.9 Shields
 * Level 17.3 Spellcasting
 - Level 13.2 Conjurations
 * Level 5.8 Transmutations
 - Level 6.0 Ice Magic
 - Level 6.0 Air Magic
 * Level 2.5 Earth Magic
 - Level 5.0 Poison Magic


You had 2 spell levels left.
You knew the following spells:

 Your Spells              Type           Power        Failure   Level
a - Conjure Ball Lightni  Conj/Air       44%          1%          6
b - Olgreb's Toxic Radia  Pois           70%          1%          4
c - Ignite Poison         Fire/Tmut/Pois 63%          1%          3
d - Mephitic Cloud        Conj/Pois/Air  83%          1%          3
e - Searing Ray           Conj           100%         0%          2
f - Iskenderun's Mystic   Conj/Tloc      77%          1%          4
g - Orb of Destruction    Conj           50%          1%          7
h - Apportation           Tloc           76%          1%          1
i - Blink                 Tloc           N/A          1%          2
j - Bolt of Magma         Conj/Fire/Erth 35%          1%          5
k - Freezing Cloud        Conj/Ice/Air   42%          1%          6
l - Fireball              Conj/Fire      38%          1%          5

Your spell library contained the following spells:

 Spells                   Type           Power        Failure   Level
 Chain Lightning          Conj/Air       44%          12%         8
 Ignition                 Fire           19%          98%         8
 Fire Storm               Conj/Fire      38%          98%         9
 Magic Dart               Conj           100%         0%          1
 Animate Skeleton         Necr           76%          1%          1
 Beastly Appendage        Tmut           100%         1%          1
 Corona                   Hex            42%          1%          1
 Pain                     Necr           100%         1%          1
 Sting                    Tmut/Pois      100%         1%          1
 Summon Small Mammal      Summ           100%         1%          1
 Call Imp                 Summ           38%          1%          2
 Corpse Rot               Necr/Air       N/A          1%          2
 Ensorcelled Hibernation  Hex/Ice        100%         1%          2
 Poisonous Vapours        Pois/Air       100%         1%          2
 Slow                     Hex            38%          1%          2
 Sublimation of Blood     Necr           19%          1%          2
 Wereblood                Tmut           73%          1%          2
 Confusing Touch          Hex            38%          1%          3
 Conjure Flame            Conj/Fire      77%          1%          3
 Dazzling Flash           Conj/Hex       100%         1%          3
 Inner Flame              Hex/Fire       38%          1%          3
 Portal Projectile        Hex/Tloc       76%          1%          3
 Spider Form              Tmut/Pois      35%          1%          3
 Tukima's Dance           Hex            38%          1%          3
 Vampiric Draining        Necr           19%          1%          3
 Animate Armour           Summ/Erth      98%          1%          4
 Fulminant Prism          Conj/Hex       38%          1%          4
 Ice Form                 Ice/Tmut       74%          1%          4
 Leda's Liquefaction      Hex/Erth       24%          1%          4
 Summon Lightning Spire   Summ/Air       59%          1%          4
 Blade Hands              Tmut           36%          1%          5
 Iron Shot                Conj/Erth      41%          1%          6
 Silence                  Hex/Air        29%          2%          5
 Animate Dead             Necr           19%          3%          4
 Cause Fear               Hex            19%          3%          4
 Dispel Undead            Necr           38%          3%          4
 Agony                    Necr           38%          9%          5
 Excruciating Wounds      Necr           19%          9%          5
 Statue Form              Tmut/Erth      44%          9%          6
 Tornado                  Air            37%          99%         9
 Shatter                  Erth           28%          100%        9


Dungeon Overview and Level Annotations

Branches:
Dungeon (15/15)            Temple (1/1) D:5            Lair (6/6) D:8
 Shoals (4/4) Lair:3        Snake (4/4) Lair:2        Slime (0/5) Lair:6
    Orc (2/2) D:9             Elf (0/3) Orc:2        Vaults (0/5) D:14
 Depths (0/5) D:15         Bailey (visited)         Gauntlet (visited)

Altars:
Cheibriados
Dithmenos
Elyvilon
Fedhas
Gozag
Hepliaklqana
Makhleb
Nemelex Xobeh
Okawaru
Qazlal
Ru
Sif Muna
Trog
Vehumet
Xom
Zin
The Shining One
Jiyva

Shops:
D:5 =   D:8 [   D:9 (   D:10 [[[(   D:13 ?[:   D:15 *   Orc:2 !(:(   Shoals:2 *

Annotations:
D:12 1 runed translucent door
Lair:6 1 runed translucent door
Snake:3 1 transporter
Snake:4 2 transporters, Muedoud's ghost, adept KoBe
Orc:1 1 runed translucent door, Voek's ghost, journeyman HOFi
Orc:2 exclusion: 2 upstairs


Innate Abilities, Weirdness & Mutations

You have a pair of large horns on your head.
You regenerate health from kills.
You have an absolutely massive brain. (Int +6, Wiz)
Spells you cast may paralyse adjacent enemies.


Message History

The wind drake is almost dead.
The lightning rod overheats!
You feel sick.
You hear a screech!
The merfolk siren chants its luring song.
The wind drake exhales a fierce blast of wind!
You are blown backwards!
A harpy comes into view. x3
Found 27 bolts.
You are no longer entranced.
You feel sick.
A harpy comes into view.
The wind drake flaps its wings at you. The air twists around and strikes you!!
* * * LOW HITPOINT WARNING * * *
Items here: ( )) †.
The lightning rod is presently inert.
Unknown command.
Unknown command.
Casting: Freezing Cloud (mildly dangerous; 1% risk of failure)
Confirm with . or Enter, or press ? or * to list all spells.
You don't have enough magic to cast this spell.
Unknown command.
As you read the scroll of fear, it crumbles to dust.
You assume a fearsome visage.
The harpy looks frightened! x4
The wind drake looks frightened!
The faun looks frightened!
The merfolk siren looks frightened!
You feel sick.
Items here: ( )) †.
You enter the shallow water.
Moving in this stuff is going to be slow.
You feel sick.
Items here: ( )) †.
You feel sick. The wind drake flaps its wings at you.
The air twists around and strikes you!
* * * LOW HITPOINT WARNING * * *
The faun shouts!
You feel sick. The wind drake flaps its wings at you.
The air twists around and strikes you!!
You die...

...........≈≈≈≈≈.≈≈P
.(........≈≈≈≈≈≈P≈PP
..........≈≈≈≈)...≈
.........≈≈≈.☼$.c. ≈≈
≈≈......≈≈≈≈....## .P≈
≈........≈≈≈≈....##..≈≈
≈....≈≈.)≈≈≈≈≈......)P≈
≈≈..≈≈≈≈))≈..........≈≈
≈≈≈≈≈≈≈≈≈≈≈..@......≈≈≈
≈≈≈≈≈≈≈≈≈≈≈≈..≈.....≈≈≈
≈≈≈≈≈≈≈≈≈≈≈≈≈†≈≈≈≈≈≈≈≈≈
≈≈≈≈≈≈≈≈≈≈≈≈≈≈≈≈≈≈≈≈≈≈≈
≈≈≈≈≈≈≈≈≈≈≈≈≈≈≈≈≈≈≈k≈≈≈
≈≈≈≈≈≈≈≈≈≈≈≈≈≈≈≈≈≈≈≈≈≈≈
≈≈≈≈≈≈≈≈≈≈≈≈≈≈≈≈≈≈≈≈≈≈≈
≈≈≈≈≈≈≈≈≈≈≈≈≈≈≈≈≈≈≈
≈≈≈≈≈≈≈≈≈≈≈≈≈≈≈≈


You could see a wind drake (repels missiles, fleeing) and a faun.

Vanquished Creatures
  Jorgrun (D:12)
  Rupert (Snake:1)
  6 nagarajas
  Aizul (Snake:1)
  A minotaur (Gauntlet)
  Fannar (D:10)
  4 boulder beetles
  An ogre mage (D:15)
  2 merfolk avatars
  5 hydras
  15 naga warriors
  3 catoblepae
  10 centaur warriors
  3 anacondas
  9 two-headed ogres
  A death knight (D:11)
  An alligator snapping turtle (Shoals:3)
  A satyr (Shoals:2)
  Erica (D:8)
  10 death yaks (Lair:6)
  3 tengu warriors (D:15)
  3 orc high priests (Orc:2)
  4 shock serpents
  Nergalle (Lair:2)
  13 naga sharpshooters
  Sonja (Lair:1)
  A death drake (Gauntlet)
  7 salamander mystics
  A glowing orange brain (shapeshifter) (D:15)
  5 sea snakes
  2 unseen horrors (D:15)
  A glowing orange brain (D:15)
  5 naga ritualists
  A lindwurm (Lair:6)
  A wolf spider zombie (Gauntlet)
  7 mana vipers
  6 orc knights
  17 ugly things
  A manticore (Lair:3)
  10 fauns
  5 orc sorcerers
  3 cyclopes
  32 salamanders
  5 elephants (Lair:5)
  5 guardian serpents
  Joseph (D:8)
  31 black mambas
  21 naga magi
  2 merfolk sirens
  A water nymph (Shoals:3)
  21 cane toads
  4 centaur skeletons
  A gargoyle (D:10)
  An efreet (D:13)
  A freezing wraith (D:11)
  2 kobold demonologists
  8 komodo dragons
  3 rime drakes
  A jumping spider (shapeshifter) (D:15)
  A merfolk (Shoals:1)
  12 slime creatures
  3 trolls
  2 polar bears
  5 tyrant leeches (Lair:6)
  3 wind drakes
  Prince Ribbit (D:6)
  2 hornets
  A meliai zombie (D:15)
  21 blink frogs
  A snapping turtle (Shoals:2)
  A spectral meliai (Gauntlet)
  A water elemental (Shoals:1)
  A wraith (D:14)
  64 yaks
  A fire bat (D:7)
  2 vampires
  7 wyverns
  4 basilisks
  6 vampire mosquitoes (Lair:6)
  A golden eye (shapeshifter) (D:15)
  16 humans (D:14)
  4 wargs
  Edmund (D:4)
  2 soldier ants
  An acid dragon (D:12)
  A floating eye (shapeshifter) (D:15)
  19 water moccasins
  40 nagas
  26 orc warriors
  4 ice beasts
  3 sky beasts
  3 black bears
  7 ogres
  4 boggarts (D:15)
  23 centaurs
  11 wolves
  2 phantoms
  A kobold brigand (D:13)
  A wyvern zombie (D:11)
  29 bullfrogs
  9 gnoll sergeants
  8 scorpions
  6 killer bees
  5 wights (D:10)
  10 howler monkeys
  2 bullfrog zombies
  6 gnoll shamans (Bailey)
  A quasit (D:10)
  3 centaur zombies
  12 orc priests
  Crazy Yiuf (D:6)
  5 hounds
  4 jellies
  11 worker ants
  3 bullfrog skeletons
  8 iguanas
  16 orc wizards
  A hound zombie (D:11)
  2 hound skeletons
  21 gnolls
  12 adders
  3 howler monkey skeletons
  A white imp (D:9)
  An ufetubus (D:7)
  3 oozes
  An adder zombie (D:8)
  4 adder skeletons
  2 dart slugs
  3 worms
  7 leopard geckos
  92 orcs
  2 ball pythons (D:4)
  4 giant cockroaches
  6 goblins
  3 hobgoblins (D:1)
  23 jackals
  13 kobolds
  5 quokkas
  6 bats
  7 frilled lizards
  A leopard gecko skeleton (D:5)
  A leopard gecko zombie (D:7)
  A quokka zombie (D:5)
  3 rats
991 creatures vanquished.

Vanquished Creatures (others)
  A naga warrior (Snake:4)
  16 ball lightnings (Shoals:3)
  41 fungi
  173 plants
231 creatures vanquished.

Grand Total: 1222 creatures vanquished

Notes
Turn   | Place    | Note
-------+----------+-------------------------------------------
     0 | D:1      | Chiseanne the Demonspawn Wanderer began the quest for the
                  | Orb.
     0 | D:1      | Chiseanne set off with the following items: a +2 hand axe,
                  | a +0 hand crossbow, 19 bolts, a +0 buckler, a +0 robe
     0 | D:1      | Reached XP level 1. HP: 22/22 MP: 1/1
    37 | D:1      | Gained mutation: You have an unusually large brain. (Int
                  | +2) [demonic ancestry]
    37 | D:1      | Reached XP level 2. HP: 7/28 MP: 2/2
   464 | D:1      | Reached skill level 1 in Spellcasting
   464 | D:1      | Reached XP level 3. HP: 23/34 MP: 4/4
  1674 | D:2      | Gained mutation: You regenerate a little health from kills.
                  | [demonic ancestry]
  1674 | D:2      | Reached XP level 4. HP: 41/41 MP: 5/5
  1820 | D:3      | Found a shimmering altar of Xom.
  2652 | D:3      | Found a hazy altar of Hepliaklqana.
  2949 | D:4      | Reached skill level 1 in Armour
  3115 | D:4      | Found an opulent altar of Gozag.
  3176 | D:4      | Gained mutation: Spells you cast may paralyse adjacent
                  | enemies. [demonic ancestry]
  3176 | D:4      | Reached XP level 5. HP: 23/47 MP: 6/6
  3449 | D:4      | Noticed Edmund
  3727 | D:4      | Gained mutation: You have a pair of small horns on your
                  | head. [demonic ancestry]
  3727 | D:4      | Reached XP level 6. HP: 53/53 MP: 7/7
  3844 | D:4      | Killed Edmund
  4225 | D:5      | Entered Level 5 of the Dungeon
  4291 | D:5      | Noticed an ice beast
  4310 | D:5      | Killed an ice beast
  4311 | D:5      | Gained mutation: You have an extremely huge brain. (Int +4)
                  | [demonic ancestry]
  4311 | D:5      | Reached XP level 7. HP: 51/60 MP: 8/8
  4404 | D:5      | Found a staircase to the Ecumenical Temple.
  4416 | Temple   | Entered the Ecumenical Temple
  4429 | Temple   | Became a worshipper of Vehumet
  4541 | D:5      | Found a blossoming altar of Fedhas.
  4669 | D:5      | Found Qasch's Jewellery Emporium.
  5100 | D:6      | Found a runed translucent door.
  5101 | D:6      | Noticed Crazy Yiuf
  5125 | D:6      | Killed Crazy Yiuf
  5216 | D:6      | Noticed Prince Ribbit
  5236 | D:6      | Killed Prince Ribbit
  5237 | D:6      | Reached XP level 8. HP: 37/68 MP: 9/9
  5672 | D:6      | Learned a level 1 spell: Sting
  5677 | D:6      | Learned a level 4 spell: Olgreb's Toxic Radiance
  5681 | D:6      | Learned a level 3 spell: Ignite Poison
  5736 | D:6      | Reached * piety under Vehumet
  5736 | D:6      | Offered knowledge of Foxfire by Vehumet.
  5757 | D:6      | Reached skill level 2 in Spellcasting
  5867 | D:6      | Reached skill level 3 in Spellcasting
  5894 | D:6      | Found a stormy altar of Qazlal.
  6098 | D:6      | Reached skill level 1 in Poison Magic
  6230 | D:7      | Identified a scroll of acquirement
  6271 | D:7      | Reached skill level 4 in Spellcasting
  6286 | D:7      | Learned a level 3 spell: Mephitic Cloud
  6354 | D:7      | Reached skill level 1 in Conjurations
  6354 | D:7      | Gained mutation: You have a pair of horns on your head.
                  | [demonic ancestry]
  6354 | D:7      | Reached XP level 9. HP: 74/74 MP: 15/15
  6451 | D:7      | Got a steaming whip
  6453 | D:7      | Identified the +10 whip "Keasch" {venom, Str-2 Int+6 SInv
                  | Stlth+} (You found it on level 7 of the Dungeon)
  6551 | D:7      | Found a flagged portal.
  6558 | Bailey   | Entered a bailey
  6640 | Bailey   | Acquired a +1 pair of boots of stealth
  6677 | Bailey   | Offered knowledge of Freeze by Vehumet.
  6683 | Bailey   | Reached ** piety under Vehumet
  6803 | Bailey   | Reached skill level 5 in Spellcasting
  6808 | Bailey   | Reached skill level 1 in Transmutations
  7300 | D:7      | Found a sacrificial altar of Ru.
  7911 | D:7      | Offered knowledge of Frozen Ramparts by Vehumet.
  7926 | D:7      | Found a snail-covered altar of Cheibriados.
  8258 | D:8      | Noticed Joseph
  8267 | D:8      | Reached skill level 6 in Spellcasting
  8267 | D:8      | Reached skill level 5 in Poison Magic
  8293 | D:7      | Gained mutation: You have an absolutely massive brain. (Int
                  | +6, Wiz) [demonic ancestry]
  8293 | D:7      | Reached XP level 10. HP: 79/80 MP: 10/19
  8424 | D:8      | Killed Joseph
  8432 | D:8      | Reached skill level 7 in Spellcasting
  8444 | D:8      | Reached *** piety under Vehumet
  8616 | D:8      | Reached skill level 8 in Spellcasting
  8635 | D:8      | Offered knowledge of Static Discharge by Vehumet.
  8723 | D:8      | Found Fekle's Armour Shop.
  8814 | D:8      | Noticed Erica
  8824 | D:8      | Killed Erica
  8966 | D:8      | Found a staircase to the Lair.
  8994 | D:8      | Found a sparkling altar of Nemelex Xobeh.
  8994 | D:8      | Found a white marble altar of Elyvilon.
  8995 | D:8      | Found a stormy altar of Qazlal.
  8997 | D:8      | Found a burning altar of Makhleb.
  8997 | D:8      | Found a bloodstained altar of Trog.
  8997 | D:8      | Found a glowing golden altar of the Shining One.
  8998 | D:8      | Found a shadowy altar of Dithmenos.
  9377 | D:9      | Reached **** piety under Vehumet
  9404 | D:9      | Found a staircase to the Orcish Mines.
  9457 | D:9      | Offered knowledge of Hailstorm by Vehumet.
  9537 | D:9      | Found Imacw's Antique Weapon Shop.
  9544 | D:9      | Reached skill level 5 in Transmutations
  9648 | D:9      | Reached skill level 9 in Spellcasting
  9850 | D:9      | Reached skill level 5 in Conjurations
  9863 | D:9      | Noticed a two-headed ogre
  9874 | D:9      | Killed a two-headed ogre
  9875 | D:9      | Reached XP level 11. HP: 86/86 MP: 16/24
 10244 | D:10     | Entered Level 10 of the Dungeon
 10244 | D:10     | Found Gafuvyol's Antique Armour Shoppe.
 10253 | D:10     | Got a fading halberd
 10340 | D:10     | Bought a glowing kite shield for 202 gold pieces
 10438 | D:10     | Found Ottud's Antique Armour Boutique.
 10482 | D:10     | Bought a glimmering scale mail for 270 gold pieces
 10495 | D:10     | Found Ephuupim's Antique Armour Emporium.
 10502 | D:10     | Bought a runed cloak for 165 gold pieces
 10538 | D:10     | Identified the +3 scale mail of Yguhy {rF++} (You bought it
                  | in a shop on level 10 of the Dungeon)
 10588 | D:10     | Noticed Fannar
 10593 | D:10     | Reached ***** piety under Vehumet
 10614 | D:10     | Killed Fannar
 10615 | D:10     | Reached skill level 10 in Spellcasting
 10625 | D:10     | Offered knowledge of Lee's Rapid Deconstruction by Vehumet.
 10725 | D:10     | Reached skill level 5 in Shields
 10762 | D:10     | Found Dygeyh's Weapon Boutique.
 11200 | D:11     | Noticed a death knight
 11210 | D:11     | Killed a death knight
 11347 | D:11     | Noticed a two-headed ogre
 11361 | D:11     | Killed a two-headed ogre
 11511 | D:11     | Found a gate leading to a gauntlet.
 11522 | Gauntlet | Entered a Gauntlet
 11522 | Gauntlet | Found a transporter.
 11522 | Gauntlet | Found a transporter.
 11523 | Gauntlet | Found a transporter.
 11524 | Gauntlet | Found a transporter.
 11524 | Gauntlet | Noticed a tengu warrior
 11525 | Gauntlet | Found a transporter.
 11527 | Gauntlet | Found a transporter.
 11539 | Gauntlet | Found a transporter.
 11542 | Gauntlet | Found a transporter.
 11543 | Gauntlet | Found a transporter.
 11544 | Gauntlet | Found a transporter.
 11544 | Gauntlet | Noticed a death drake
 11548 | Gauntlet | Noticed a brown ugly thing
 11548 | Gauntlet | Noticed a white ugly thing
 11548 | Gauntlet | Noticed a soul eater
 11552 | Gauntlet | Found a transporter.
 11552 | Gauntlet | Found a transporter.
 11554 | Gauntlet | Noticed a great orb of eyes
 11744 | Gauntlet | Got a spiked cloak
 11781 | Gauntlet | Killed a death drake
 11782 | Gauntlet | Reached skill level 11 in Spellcasting
 12039 | Gauntlet | Identified the +2 cloak of Insecurity {rC+ Dex+4} (You
                  | found it in a Gauntlet)
 12065 | Gauntlet | Noticed a minotaur
 12075 | Gauntlet | Killed a minotaur
 12310 | D:11     | Noticed a boulder beetle
 12341 | D:11     | Killed a boulder beetle
 12342 | D:11     | Reached XP level 12. HP: 82/92 MP: 17/27
 12430 | D:11     | Learned a level 2 spell: Searing Ray
 12435 | D:11     | Learned a level 4 spell: Iskenderun's Mystic Blast
 12764 | D:9      | Bought a twisted spear for 192 gold pieces
 12765 | D:9      | Identified the +6 spear "Impslayer" {elec, rN+} (You bought
                  | it in a shop on level 9 of the Dungeon)
 12771 | D:9      | Identified the +8 halberd "Juasadwo" {holy, rC+ rN+ Stlth+}
                  | (You found it on level 10 of the Dungeon)
 12869 | D:12     | Noticed Jorgrun
 12887 | D:12     | Killed Jorgrun
 13217 | D:12     | Reached skill level 12 in Spellcasting
 13537 | D:12     | Noticed a boulder beetle
 13547 | D:12     | Killed a boulder beetle
 13568 | D:12     | Reached skill level 5 in Armour
 13690 | D:12     | Noticed a centaur warrior
 13695 | D:12     | Killed a centaur warrior
 14584 | D:12     | Noticed an angel
 14681 | D:12     | Found a runed translucent door.
 14690 | D:12     | Found a glowing silver altar of Zin.
 14782 | D:13     | Found Idoiff's Armour Shop.
 14783 | D:13     | Found Xoopput's Magic Scroll Shop.
 14905 | D:13     | Bought a scroll of teleportation for 45 gold pieces
 14905 | D:13     | Bought a scroll of teleportation for 45 gold pieces
 14905 | D:13     | Bought a scroll of teleportation for 45 gold pieces
 14905 | D:13     | Bought a scroll of fear for 52 gold pieces
 14905 | D:13     | Bought a scroll of enchant armour for 112 gold pieces
 14909 | D:13     | Bought the +2 pair of gloves of Shielding {Int+2} for 257
                  | gold pieces
 14997 | D:13     | Found Sinkaetsedgh's Book Emporium.
 15064 | D:13     | Noticed a centaur warrior
 15078 | D:13     | Killed a centaur warrior
 15079 | D:13     | Reached skill level 13 in Spellcasting
 15079 | D:13     | Reached XP level 13. HP: 98/98 MP: 23/30
 15657 | D:14     | Found a gate to the Vaults.
 15666 | D:14     | Offered knowledge of Yara's Violent Unravelling by Vehumet.
 15804 | D:14     | Reached skill level 14 in Spellcasting
 16840 | D:15     | Entered Level 15 of the Dungeon
 16868 | D:15     | Reached XP level 14. HP: 105/105 MP: 8/32
 17087 | D:15     | Noticed a storm dragon
 17097 | D:15     | Noticed a ghost moth
 17097 | D:15     | a storm dragon changed into a ghost moth
 17098 | D:15     | a ghost moth changed into a boulder beetle
 17451 | D:15     | Reached skill level 15 in Spellcasting
 17981 | D:15     | Found a staircase to the Depths.
 17984 | D:15     | Got a fine ring mail
 18025 | D:15     | Identified the +1 ring mail of the Alphagorgon {-Cast rF+
                  | Int+5} (You found it on level 15 of the Dungeon)
 18241 | D:15     | Found a glowing silver altar of Zin.
 18495 | D:15     | Found Rykhlyr's Assorted Antiques.
 18503 | D:15     | Bought an emerald ring for 115 gold pieces
 18817 | Orc:1    | Entered Level 1 of the Orcish Mines
 18911 | Orc:2    | Entered Level 2 of the Orcish Mines
 18936 | Orc:2    | Found a staircase to the Elven Halls.
 19265 | Orc:2    | Found Godwak's Weapon Shoppe.
 19270 | Orc:2    | Reached ****** piety under Vehumet
 19274 | Orc:2    | Offered knowledge of Orb of Destruction by Vehumet.
 19310 | Orc:2    | Reached skill level 16 in Spellcasting
 19430 | Orc:2    | Found Nudac's Distillery.
 19432 | Orc:2    | Found Utohelan's Book Boutique.
 19432 | Orc:2    | Found Turi Pau's Antique Weapon Boutique.
 20201 | Orc:1    | Found a runed translucent door.
 20202 | Orc:1    | Noticed Voek's ghost (journeyman HOFi)
 20551 | Lair:1   | Entered Level 1 of the Lair of Beasts
 20579 | Lair:1   | Noticed Sonja
 20583 | Lair:1   | Killed Sonja
 20587 | Lair:1   | Got a bloodstained scimitar
 20752 | Lair:1   | You fall into a shaft and drop 1 floor!
 20851 | Lair:2   | Noticed Nergalle
 20857 | Lair:2   | Killed Nergalle
 20904 | Lair:1   | Identified the +8 scimitar "Vaffiwkaal" {vamp, *Slow Str+4
                  | Int+7 Dex+3} (You found it on level 1 of the Lair of
                  | Beasts)
 20913 | Lair:1   | Learned a level 7 spell: Orb of Destruction
 20915 | Lair:1   | Learned a level 1 spell: Apportation
 20921 | Lair:1   | Got an ancient rapier
 20922 | Lair:1   | Identified the +9 rapier of Ysiytz {vorpal, *Noise rPois
                  | rN+ Str+5} (You found it on level 1 of the Lair of Beasts)
 21099 | Lair:1   | Got an ichor-stained hand axe
 21100 | Lair:1   | Identified the +5 hand axe of Dishonesty {pain, Int-2 Dex+4
                  | SInv} (You found it on level 1 of the Lair of Beasts)
 21644 | Lair:2   | Reached skill level 10 in Shields
 21693 | Lair:2   | Gained mutation: You have a pair of large horns on your
                  | head. [demonic ancestry]
 21693 | Lair:2   | Reached XP level 15. HP: 86/110 MP: 35/35
 21793 | Lair:2   | Found a staircase to the Snake Pit.
 22876 | Lair:3   | Found a staircase to the Shoals.
 23925 | Lair:4   | Offered knowledge of Irradiate by Vehumet.
 24327 | Lair:4   | Learned a level 2 spell: Blink
 25912 | Lair:6   | Entered Level 6 of the Lair of Beasts
 25921 | Lair:6   | Found a runed translucent door.
 25921 | Lair:6   | Found a viscous altar of Jiyva.
 26093 | Lair:6   | Reached skill level 10 in Conjurations
 26416 | Lair:6   | Offered knowledge of Spellforged Servitor by Vehumet.
 27417 | Lair:6   | Noticed an acid blob
 27418 | Lair:6   | Noticed an acid blob
 27420 | Lair:6   | Found a staircase to the Slime Pits.
 27466 | Lair:6   | Reached XP level 16. HP: 117/117 MP: 26/36
 27970 | Lair:6   | Learned a level 5 spell: Bolt of Magma
 28192 | Orc:2    | Upgraded the game from 0.27-a0-385-g3208abaabc to
                  | 0.27-a0-396-g03f4e8edb7
 28192 | Orc:2    | Bought a book of Clouds for 720 gold pieces
 28199 | Orc:2    | Learned a level 6 spell: Freezing Cloud
 28371 | Snake:1  | Entered Level 1 of the Snake Pit
 28608 | Snake:1  | Reached skill level 1 in Ice Magic
 28608 | Snake:1  | Reached skill level 1 in Air Magic
 28706 | D:8      | Bought the +1 robe "Temeama" {rElec rC- Slay+5} for 438
                  | gold pieces
 29576 | Snake:1  | Noticed Rupert
 29581 | Snake:1  | Killed Rupert
 29676 | Snake:1  | Noticed Aizul
 29692 | Snake:1  | Killed Aizul
 30809 | Snake:2  | Offered knowledge of Fireball by Vehumet.
 30950 | Snake:2  | Learned a level 5 spell: Fireball
 31346 | Snake:2  | Reached skill level 5 in Ice Magic
 31346 | Snake:2  | Reached skill level 5 in Air Magic
 32951 | Snake:3  | Found a transporter.
 32958 | Snake:3  | Found a radiant altar of Vehumet.
 33646 | Snake:3  | Reached skill level 1 in Throwing
 34354 | Snake:3  | Gained mutation: You regenerate health from kills. [demonic
                  | ancestry]
 34354 | Snake:3  | Reached XP level 17. HP: 122/122 MP: 32/37
 34503 | Snake:3  | Identified the amulet of Joy {Acrobat rF+ rC+}
 34926 | Snake:4  | Entered Level 4 of the Snake Pit
 34927 | Snake:4  | Found a transporter.
 34930 | Snake:4  | Noticed Muedoud's ghost (adept KoBe)
 34937 | Snake:4  | Offered knowledge of Ozocubu's Refrigeration by Vehumet.
 34940 | Snake:4  | Upgraded the game from 0.27-a0-396-g03f4e8edb7 to
                  | 0.27-a0-404-g4390dbc5be
 35601 | Snake:4  | Found a transporter.
 35914 | Snake:4  | Reached skill level 17 in Spellcasting
 36304 | Snake:4  | Identified the +1 long sword of the Forsaken Eyes {chaos,
                  | +Inv SInv}
 36674 | Snake:4  | Got a serpentine rune of Zot
 36820 | Shoals:1 | Entered Level 1 of the Shoals
 36845 | Shoals:1 | Reached skill level 1 in Earth Magic
 36994 | Lair:3   | Acquired a book of the Sky
 37003 | Lair:3   | Learned a level 6 spell: Conjure Ball Lightning
 37054 | Shoals:2 | Found Weobledd's General Store.
 37197 | Shoals:2 | Bought a scroll of blinking for 135 gold pieces
 37197 | Shoals:2 | Bought a scroll of teleportation for 54 gold pieces
 37197 | Shoals:2 | Bought a potion of invisibility for 144 gold pieces
 37231 | Shoals:2 | Reached skill level 10 in Armour
 37252 | Shoals:4 | Entered Level 4 of the Shoals
 37275 | Shoals:3 | Offered knowledge of Fire Storm by Vehumet.
 37275 | Shoals:3 | Offered knowledge of Chain Lightning by Vehumet.
 37275 | Shoals:3 | Offered knowledge of Ignition by Vehumet.
 37309 | Shoals:3 | Killed from afar by a wind drake

Illustrated notes

Levels and vault maps discovered:
D:1:      mrwooster_arrival_arrow, layout_rooms
D:2:      layout_basic
D:3:      layout_basic, lemuel_doored_altar, nzn_hepliaklqana_mist_gate
D:4:      layout_loops_cross, grunt_gozag_breadcrumbs, uniq_edmund
D:5:      layout_loops_cross, lemuel_round_altar,
          minmay_temple_entry_statues_pillars, serial_shops, shop,
          serial_bayou_ford_a
D:6:      layout_basic, nicolae_qazlal_general_emergency,
          uniq_crazy_yiuf_cottage, uniq_prince_ribbit1
D:7:      layout_basic, marbit_many_paths, nicolae_ru_the_path_less_chosen,
          enter_bailey_3
D:8:      layout_rooms, grunt_temple_overflow_open, minmay_lair_entry_grove,
          serial_shops, nicolae_shop_stone, uniq_joseph, uniq_erica
D:9:      layout_long_grid, hiddenorc2_lemuel, serial_shops, shop_fountains
D:10:     layout_irregular_city, serial_shops, shop, shop, shop, shop,
          kennysheep_big_empty_room, uniq_fannar
D:11:     layout_basic, gauntlet_entry_generic
D:12:     layout_roguey, lemuel_angel_altar, uniq_jorgrun
D:13:     layout_big_octagon, serial_shops, shop, shop,
          nicolae_shop_statue_plus, uniq_josephine
D:14:     layout_gridville, david_vaults_3, chequers_serial_rivers_micro_c
D:15:     gammafunk_enter_depths_forms, layout_irregular_city, basic_altar,
          serial_shops, nicolae_shop_crystal
Temple:   compressed_dpeg_triangle_lava_temple
Lair:1:   layout_regular_city, columned_hall_lemuel, serial_bayou_lagoon_b,
          uniq_sonja
Lair:2:   layout_chaotic_city, minmay_snake_entry_six_corridors,
          grunt_forest_stairs_basic, uniq_nergalle
Lair:3:   layout_cave_pods, minmay_shoals_entry_beasts, minmay_hedge_maze
Lair:4:   layout_long_grid, beast_lair_carwin_6
Lair:5:   layout_cave_pods
Lair:6:   minmay_lair_end_frog_pond, layout_cellular_growth, slime_altar_2,
          nicolae_lair_yak_garden
Shoals:1: layout_shoals
Shoals:2: layout_shoals, serial_shops, shop, uniq_ilsuiw
Shoals:3: layout_shoals, nicolae_shoals_so_close, uniq_polyphemus
Shoals:4: shoals_end_simple, layout_shoals, ebering_ghost_reflecting_pool
Snake:1:  layout_onion, st_stairs_12, uniq_rupert, uniq_aizul
Snake:2:  layout_cave_pods, drop_trap, grunt_ministairs_5,
          nicolae_snake_salamander_stairs, grunt_megastairs_2
Snake:3:  gammafunk_sealed_library, layout_grid_maze
Snake:4:  snake_pit, layout_cave_town, gammafunk_ghost_arena
Orc:1:    layout_diamond_mine, ebering_ghost_inner_flame
Orc:2:    st_orc_elflike, layout_caves, nicolae_orc_crystal_geode

Skill      XL: |  1  2  3  4  5  6  7  8  9 10 11 12 13 14 15 16 17 |
---------------+----------------------------------------------------+-----
Spellcasting   | 1 4 6 9 11 13 14 16 17 | 17.3
Shields        | 2 3 4 6 8 9 10 12 | 12.9
Dodging        | 2 3 4 |  4.6
Armour         | 1 2 3 4 6 7 8 9 10 | 10.0
Fighting       | 7 8 |  8.0
Poison Magic   | 2 5 |  5.0
Conjurations   | 1 3 5 6 7 8 9 10 12 13 | 13.2
Transmutations | 2 5 |  5.8
Ice Magic      | 6 |  6.0
Air Magic      | 6 |  6.0
Throwing       | 1 3 |  3.1
Earth Magic    | 2 |  2.5
Axes           | |  1.0
Stealth        | |  1.0

Action                   |  1- 3 |  4- 6 |  7- 9 | 10-12 | 13-15 | 16-18 || total
-------------------------+-------+-------+-------+-------+-------+-------++-------
Melee: Hand axe          |   105 |   145 |   108 |       |       |       ||   358
       Dagger            |       |    15 |   114 |       |       |       ||   129
       Headbutt          |       |     6 |    43 |    66 |    64 |    18 ||   197
       Flail             |       |       |    11 |       |       |       ||    11
       Whip              |       |       |   141 |   411 |   338 |    30 ||   920
       Rapier            |       |       |       |       |       |    40 ||    40
 Fire: Hand crossbow     |       |    15 |    11 |       |       |       ||    26
Throw: Dart              |       |       |    32 |    24 |    25 |     3 ||    84
       Stone             |       |       |     1 |       |       |       ||     1
       Throwing net      |       |       |     1 |       |       |       ||     1
       Javelin           |       |       |       |       |       |    12 ||    12
 Cast: Sting             |       |       |    20 |   135 |    25 |       ||   180
       Mephitic Cloud    |       |       |    20 |    71 |    94 |       ||   185
       Ignite Poison     |       |       |     6 |    61 |   179 |       ||   246
       Olgreb's Toxic Ra |       |       |     1 |     9 |   165 |       ||   175
       Searing Ray       |       |       |       |       |    25 |    82 ||   107
       Iskenderun's Myst |       |       |       |       |     2 |       ||     2
       Blink             |       |       |       |       |     2 |       ||     2
       Orb of Destructio |       |       |       |       |     1 |   101 ||   102
       Freezing Cloud    |       |       |       |       |       |   132 ||   132
       Apportation       |       |       |       |       |       |     2 ||     2
       Bolt of Magma     |       |       |       |       |       |     1 ||     1
       Conjure Ball Ligh |       |       |       |       |       |     6 ||     6
Evoke: Wand              |       |     2 |    11 |     3 |       |    13 ||    29
       Condenser vane    |       |       |       |       |       |     1 ||     1
       Lightning rod     |       |       |       |       |       |     4 ||     4
  Use: Scroll            |       |     3 |    15 |    11 |     5 |    15 ||    49
       Potion            |       |     1 |     1 |     8 |       |       ||    10
 Stab: Paralysed         |       |       |     7 |    77 |    56 |     6 ||   146
       Confused          |       |       |     4 |     6 |     4 |       ||    14
       Sleeping          |       |       |     2 |     6 |     2 |     1 ||    11
       Distracted        |       |       |       |       |       |     1 ||     1
Armor: Robe              |    15 |       |     9 |       |       |    32 ||    56
       Scale mail        |    34 |    52 |    99 |    40 |   152 |     6 ||   383
       Leather armour    |       |       |       |    63 |       |       ||    63
Dodge: Dodged            |    53 |    66 |   177 |   147 |   100 |    58 ||   601
Block: Buckler           |    34 |   106 |   238 |    79 |       |       ||   457
       Reflection        |       |       |     6 |    19 |    38 |   114 ||   177
       Kite shield       |       |       |       |   228 |   405 |   226 ||   859

Table legend: (Time is in decaauts)
 A = Elapsed time spent in this place.
 B = Non-inter-level travel time spent in this place.
 C = Inter-level travel time spent in this place.
 D = Time resting spent in this place.
 E = Time spent auto-exploring this place.
 F = Levels seen in this place.
 G = Mean time per level.
                   A        B        C        D        E       F      G
               +--------+--------+--------+--------+--------+-----+--------+
         Total |  37677 |  36016 |   1661 |  10478 |  17067 |  34 | 1108.1 |
       Dungeon |  17865 |  17077 |    788 |   4227 |   8498 |  15 | 1191.0 |
        Temple |     23 |     13 |     10 |      0 |      0 |   1 |   23.0 |
          Lair |   8245 |   7714 |    531 |   1441 |   5083 |   6 | 1374.2 |
        Shoals |    381 |    381 |      0 |    129 |      0 |   4 |   95.2 |
     Snake Pit |   8044 |   7954 |     90 |   4057 |   2313 |   4 | 2011.0 |
  Orcish Mines |   1823 |   1583 |    240 |    182 |   1105 |   2 |  911.5 |
        Bailey |    544 |    544 |      0 |     46 |     67 |   1 |  544.0 |
      Gauntlet |    750 |    750 |      0 |    394 |      0 |   1 |  750.0 |
               +--------+--------+--------+--------+--------+-----+--------+

Top non-repeatable levels by time:
 Snake:2: 2573 daAuts
 Snake:3: 2410 daAuts
  Lair:6: 2122 daAuts
    D:12: 1956 daAuts
     D:7: 1740 daAuts
 Snake:1: 1636 daAuts
    D:14: 1633 daAuts
    D:15: 1505 daAuts
 Snake:4: 1423 daAuts
  Lair:3: 1399 daAuts
  Lair:2: 1397 daAuts
     D:3: 1327 daAuts
     D:6: 1254 daAuts
   Orc:2: 1254 daAuts
     D:9: 1227 daAuts
